 Dungeon Crawl Stone Soup version 0.25-a0-1133-g93ebf739aa (webtiles) character file.

Game seed: 17112537216292551664, levelgen mode: deterministic

68 vurker the Ruffian (level 4, 0/37 HPs)
             Began as a Ghoul Warper on May 22, 2020.
             Shot with a stone by a goblin (7 damage)
             ... on level 2 of the Dungeon.
             The game lasted 00:02:40 (2468 turns).

vurker the Ruffian (Ghoul Warper)                   Turns: 2468, Time: 00:02:41

Health: 0/37       AC:  0    Str: 15    XL:     4   Next: 19%
Magic:  5/5        EV: 12    Int:  8    God:
Gold:   96         SH:  0    Dex: 14    Spells: 6/6 levels left

rFire    . . .     SeeInvis .     - Unarmed
rCold    + . .     Gourm    .   (no shield)
rNeg     + + +     Faith    .   a - +0 leather armour
rPois    ∞         Spirit   .   (no helmet)
rElec    .         Reflect  .   (no cloak)
rCorr    .         Harm     .   (no gloves)
MR       .....                  (no boots)
Stlth    +.........             (no amulet)
HPRegen  0.00/turn              b - +6 ring of dexterity
MPRegen  0.09/turn              l - -4 ring of protection (curse)

@: rotting
A: rotting body, claws 1, carnivore, cold resistance 1, negative energy
resistance 3, inhibited regeneration, torment resistance, unbreathing
a: no special abilities


You were on level 2 of the Dungeon.
You were not hungry.

You visited 1 branch of the dungeon, and saw 2 of its levels.

You collected 96 gold pieces.

Inventory:

Missiles
 d - 5 boomerangs of dispersal (quivered)
Armour
 a - a +0 leather armour (worn)
Jewellery
 b - a +6 ring of dexterity (left claw)
   (You found it on level 1 of the Dungeon)
 k - an uncursed ring of ice
   (You found it on level 2 of the Dungeon)
 l - a cursed -4 ring of protection (right claw)
   (You found it on level 2 of the Dungeon)
Scrolls
 c - 3 scrolls of blinking
 i - a scroll of teleportation
 j - a scroll of identify {unknown}
Potions
 f - a potion of berserk rage {unknown}
 h - a potion of ambrosia {unknown}
Comestibles
 e - 2 rations


   Skills:
 + Level 2.8 Fighting
 - Level 0.8 Throwing
 + Level 1.7 Armour
 + Level 2.3 Dodging
 * Level 3.4 Unarmed Combat
 - Level 1.7 Spellcasting
   Level 2.6 Translocations


You had 6 spell levels left.
You didn't know any spells.
Your spell library contained the following spells:

 Spells                   Type           Power        Failure   Level  Hunger
 Blink                    Tloc           N/A          22%         2    ###....
 Shroud of Golubria       Chrm/Tloc      #.....       36%         2    ###....
 Gell's Gravitas          Tloc           #.........   41%         3    ####...
 Lesser Beckoning         Tloc           #.........   41%         3    ####...
 Teleport Other           Tloc           #.......     41%         3    ####...
 Passage of Golubria      Tloc           N/A          83%         4    #####..


Dungeon Overview and Level Annotations

Branches:
Dungeon (2/15)

Altars:
Trog
Yredelemnul


Innate Abilities, Weirdness & Mutations

Your body is rotting away.
You thrive on raw meat.
You are immune to poison.
You have sharp fingernails.
You are carnivorous and can eat meat at any time.
Your flesh is cold resistant. (rC+)
You are immune to negative energy. (rN+++)
You do not regenerate when monsters are visible.
You are immune to unholy pain and torment.
You can survive without breathing.


Message History

You scratch the goblin.
You kill the goblin!
The goblin hits you but does no damage. The hobgoblin misses you.
You claw the goblin!
You kill the goblin!
The goblin barely misses you. The hobgoblin hits you.
You scratch the hobgoblin but do no damage.
The goblin barely misses you. The hobgoblin hits you.
The hobgoblin barely misses you.
You scratch the hobgoblin. The goblin hits you with a +0 dagger.
The hobgoblin hits you. The hobgoblin misses you.
You scratch the hobgoblin.
You kill the hobgoblin!
The goblin closely misses you.
You barely miss the hobgoblin. The hobgoblin closely misses you.
There is an open door here.
You scratch the hobgoblin but do no damage.
The hobgoblin hits you.
* * * LOW HITPOINT WARNING * * *
Eat one of 2 chunks of flesh? (ye/n/q)
You eat one of the 2 chunks of flesh.
This raw flesh tastes great!
The hobgoblin misses you.
Eat a chunk of flesh? (ye/n/q)
You eat the chunk of flesh.
This raw flesh tastes great!
The hobgoblin hits you.
You eat one of the 3 rations.
That ration really hit the spot!
The hobgoblin misses you.
You scratch the hobgoblin. The hobgoblin closely misses you.
You closely miss the hobgoblin. The hobgoblin hits you.
* * * LOW HITPOINT WARNING * * *
You scratch the hobgoblin.
You kill the hobgoblin!
The goblin unwields a +0 club.
The goblin wields a +0 hunting sling.
The goblin shoots a stone.
The stone closely misses you.
You scratch the hobgoblin but do no damage.
The hobgoblin hits you with a cursed -1 club.
* * * LOW HITPOINT WARNING * * *
You scratch the hobgoblin.
You kill the hobgoblin!
The goblin shoots a stone.
The stone misses you.
You scratch the goblin.
You kill the goblin!
You scratch the hobgoblin but do no damage.
You scratch the hobgoblin. The hobgoblin hits you with a +0 club.
* * * LOW HITPOINT WARNING * * *
You claw the hobgoblin!
You kill the hobgoblin!
The goblin shoots a stone.
The stone hits you!
You die...

####....##########..#.## ##..###
.######≈≈§.........##.### #..## #
###⌠#⌠##≈##########.....###.## #
##≈≈§≈≈#≈## #..###.....# #
##≈§§.≈#≈.## ###.##.##..### #
#⌠≈§..≈#≈..# ##...#...#...## ##
##≈§_..'...## #..####'####..# #÷
#⌠≈...≈#≈#..###.##g#)..# ##.# #.
##≈...≈#≈##.##..@)gg...+ #.# ##.
#≈≈≈≈≈#≈##<##..##g#...# ##.# #..
##⌠#⌠##§##.(....####'####..# #.#
#####§§####..#...#...#...## #.#
### #.## ##.###.##.##.#.# #.#
..#####..#####.##...###....# #.#
....<......................####.#
..#######>#####.#.....##.#...##.#
..# #..# #.#........###..#.#


You could see 4 goblins.

Vanquished Creatures
  An adder (D:2)
  2 worms (D:2)
  3 dart slugs (D:1)
  A giant cockroach (D:2)
  5 hobgoblins
  2 jackals (D:1)
  A quokka (D:2)
  A ball python (D:2)
  3 bats (D:2)
  4 frilled lizards
  13 goblins
  5 kobolds
  5 rats
46 creatures vanquished.

Notes
Turn   | Place    | Note
-------+----------+-------------------------------------------
     0 | D:1      | vurker the Ghoul Warper began the quest for the Orb.
     0 | D:1      | Reached XP level 1. HP: 17/17 MP: 2/2
   141 | D:1      | Reached skill level 1 in Armour
   195 | D:1      | Reached XP level 2. HP: 18/25 MP: 3/3
  1047 | D:1      | Reached XP level 3. HP: 30/30 MP: 4/4
  1109 | D:2      | Found a basalt altar of Yredelemnul.
  1133 | D:2      | Reached skill level 3 in Unarmed Combat
  2281 | D:2      | Reached XP level 4. HP: 29/37 MP: 5/5
  2411 | D:2      | Found a bloodstained altar of Trog.
  2468 | D:2      | Shot with a stone by a goblin

Illustrated notes

Levels and vault maps discovered:
D:1:      lightli_arrival_isolated_outpost, layout_basic
D:2:      cheibrodos_greedy_goblins, layout_rooms, lightli_temple_of_fire,
          yredelemnul_altar_generic

Skill      XL: |  1  2  3 |
---------------+----------+-----
Armour         | 1 |  1.7
Dodging        | 2 |  2.3
Unarmed Combat | 3 |  3.4
Fighting       | |  2.8
Throwing       | |  0.8
Spellcasting   | |  1.7
Translocations | |  2.6

Action                   |  1- 3 |  4- 6 || total
-------------------------+-------+-------++-------
Melee: Unarmed           |   128 |    18 ||   146
       Punch             |     3 |       ||     3
  Use: Scroll            |     2 |       ||     2
 Stab: Sleeping          |     1 |       ||     1
  Eat: Chunk             |     8 |     2 ||    10
       Ration            |       |     1 ||     1
Armor: Leather armour    |    15 |       ||    15
Dodge: Dodged            |    82 |    13 ||    95

Table legend:
 A = Non-vault XP
 B = Vault XP
 C = Vault XP percentage of total XP
 D = Non-vault monster count
 E = Vault monster count
 F = Vault count percentage of total count
                 A         B        C        D         E       F
            +---------+---------+-------+---------+---------+-------
      Total |      84 |      14 |  14.3 |      39 |       7 |  15.2
            +---------+---------+-------+---------+---------+-------
        D:1 |      34 |       0 |   0.0 |      18 |       0 |   0.0
        D:2 |      50 |      14 |  21.9 |      21 |       7 |  25.0
            +---------+---------+-------+---------+---------+-------
